 Dungeon Crawl Stone Soup version 0.18.1-1-g2f07953 (webtiles) character file.

30 M4edhros the Sneak (level 3, -4/23 HPs)
             Began as an Octopode Artificer on May 7, 2016.
             Slain by Grinder (6 damage)
             ... while paralysed by Grinder
             ... on level 3 of the Dungeon.
             The game lasted 00:01:23 (1409 turns).

M4edhros the Sneak (Octopode Artificer)             Turns: 1409, Time: 00:01:24

Health: -4/23      AC:  1    Str: 10    XL:     3   Next: 18%
Magic:  5/5        EV:  2    Int: 14    God:
Gold:   100        SH:  0    Dex: 13    Spells: 0 memorised, 2 levels left

rFire  . . .     SeeInvis .     a - +1 short sword
rCold  . . .     Gourm    .     (no shield)
rNeg   . . .     Faith    .     (helmet restricted)
rPois  .         Spirit   .     q - +6 amulet of reflection
rElec  .         Dismiss  .     (no ring)
rCorr  .         Reflect  +     (no ring)
SustAt .         Harm     .     (no ring)
MR     .....                    (no ring)
Stlth  ++++......               (no ring)
                                (no ring)
                                (no ring)
                                (no ring)

@: paralysed, not resistant to hostile enchantments, stealthy
A: almost no armour, amphibious, 8 rings, constrict 8, camouflage 1, gelatinous
body 1
a: no special abilities


You were on level 3 of the Dungeon.
You were not hungry.

You visited 1 branch of the dungeon, and saw 3 of its levels.

You collected 100 gold pieces.

Inventory:

Hand Weapons
 a - a +1 short sword (weapon)
Jewellery
 q - a +6 amulet of reflection (around mantle)
Wands
 b - a wand of flame (12/48)
 c - a wand of enslavement (13/24)
 d - a wand of random effects (48/48)
Scrolls
 e - a scroll of identify
 h - a scroll of enchant weapon
 m - a scroll of noise {unknown}
 n - a scroll of random uselessness {unknown}
 o - a scroll of enchant armour {unknown}
 u - a scroll of teleportation
Potions
 g - a potion of cure mutation {unknown}
 j - 2 potions of brilliance {unknown}
 k - 2 potions of ambrosia {unknown}
 p - a potion of curing {unknown}
 r - a potion of mutation {unknown}
 s - a potion of lignification {unknown}
 t - a potion of might {unknown}
Comestibles
 f - 2 bread rations
 i - 7 fruits


   Skills:
 - Level 1.0 Fighting
 - Level 1.0 Short Blades
 - Level 2.0 Dodging
 + Level 4.4 Stealth
 - Level 3.2 Evocations


You had 2 spell levels left.
You didn't know any spells.

Dungeon Overview and Level Annotations

Branches:
Dungeon (3/15)

Altars:
Xom

Annotations:
D:3 Grinder


Innate Abilities, Weirdness & Mutations

You cannot wear most types of armour.
You are amphibious.
You can wear up to eight rings at the same time.
You can use your tentacles to constrict eight enemies at once.
Your skin changes colour to match your surroundings (Stealth).
Your rubbery body absorbs attacks (AC +1).


Message History

Aim: Grinder (chance to defeat MR: 52%) Grinder resists with significant effort.
This wand has 14 charges left.
Grinder says, "Tell me all your secrets, or I'll kill you."
You block Grinder's attack.
Evoke which item? (* to show all) (? for menu, Esc to quit)
Zapping:
c - a wand of enslavement (14/24)
Press: ? - help, Shift-Dir - straight line, f/p - Grinder
Aim: Grinder (chance to defeat MR: 52%) Grinder resists with significant effort.
This wand has 13 charges left.
Grinder gestures at you.
You suddenly lose the ability to move!
Grinder gestures at you. Pain shoots through your body!
Ouch! That really hurt!
Grinder hits you!
* * * LOW HITPOINT WARNING * * *
You writhe in agony.
You die...

..... ......#
...... #....
.[. ..#+#
##########...#
......5@....#
......####.##
##### #.#
##### #.#
####...#
#.#####<...#.#
#..........#.#
#########....#
######


You could see Grinder.

Vanquished Creatures
  An ooze (D:2)
  2 worms (D:2)
  A dart slug (D:2)
  A giant cockroach (D:2)
  2 goblins (D:1)
  3 kobolds
  A quokka (D:2)
  3 bats
  5 rats
19 creatures vanquished.

Notes
Turn   | Place    | Note
--------------------------------------------------------------
     0 | D:1      | M4edhros the Octopode Artificer began the quest for the Orb.
     0 | D:1      | Reached XP level 1. HP: 13/13 MP: 3/3
     7 | D:1      | Noticed a seven-headed hydra
     7 | D:1      | Noticed a polar bear
   118 | D:1      | Reached skill level 2 in Stealth
   391 | D:1      | Reached XP level 2. HP: 18/18 MP: 4/4
   448 | D:1      | Reached skill level 3 in Stealth
   679 | D:2      | Found a shimmering altar of Xom.
  1108 | D:2      | Reached skill level 4 in Stealth
  1108 | D:2      | Reached XP level 3. HP: 22/23 MP: 5/5
  1402 | D:3      | Noticed Grinder
  1407 | D:3      | Paralysed by Grinder for 6 turns
  1409 | D:3      | Slain by Grinder

Skill      XL: |  1  2 |
---------------+-------+-----
Stealth        | 2 4 |  4.4
Fighting       | |  1.0
Short Blades   | |  1.0
Dodging        | |  2.0
Evocations     | |  3.2

Action                   || total
-------------------------++-------
Melee: Short sword       ||    40
       Constrict         ||     9
       Tentacles         ||     2
Evoke: Wand              ||     5
  Use: Scroll            ||     5
 Stab: Sleeping          ||     7
  Eat: Chunk             ||     1
Dodge: Dodged            ||    13
Block: Other             ||     8
